 Dungeon Crawl Stone Soup version 0.24-a0-244-ga6a6ab7d13 (webtiles) character file.

Game seed: 16158557464923063228

357 Redear the Ducker (level 6, -6/66 HPs)
             Began as an Octopode Berserker on Apr 11, 2019.
             Was a Believer of Trog.
             Killed from afar by an orc wizard (11 damage)
             ... with a magic dart
             ... on level 4 of the Dungeon.
             The game lasted 00:04:27 (2119 turns).

Redear the Ducker (Octopode Berserker)              Turns: 2119, Time: 00:04:28

Health: -6/66      AC:  1    Str: 21    XL:     6   Next: 64%
Magic:  6/6        EV: 15    Int:  9    God:    Trog [**....]
Gold:   232        SH:  0    Dex: 14    Spells: 5/5 levels left

rFire    . . .     SeeInvis .   a - +0 falchion
rCold    . . .     Gourm    .   (no shield)
rNeg     . . .     Faith    .   (helmet restricted)
rPois    .         Spirit   .   (no amulet)
rElec    .         Reflect  .   (no ring)
rCorr    .         Harm     .   (no ring)
MR       ++...                  (no ring)
Stlth    ..........             (no ring)
HPRegen  1.21/turn              (no ring)
MPRegen  0.10/turn              (no ring)
                                (no ring)
                                (no ring)

@: berserking (expiring), regenerating, very quick
A: almost no armour, stealthy swim, amphibious, 8 rings, constrict 8, camouflage
1, gelatinous body 1
a: Berserk, Trog's Hand, Renounce Religion


You were on level 4 of the Dungeon.
You worshipped Trog.
Trog was pleased with you.
You were very hungry.

You visited 1 branch of the dungeon, and saw 4 of its levels.

You collected 232 gold pieces.

Inventory:

Hand Weapons
 a - a +0 falchion (weapon)
Missiles
 f - 2 needles of sleeping
 h - 41 sling bullets
 i - 106 stones (quivered)
 Z - a throwing net {+f}
Armour
 o - a +0 shield
Wands
 q - a wand of polymorph (8)
Scrolls
 b - a scroll of amnesia {unknown}
 c - a scroll of enchant armour {unknown}
 k - 3 scrolls of fear
 m - a scroll of noise {unknown}
 n - a scroll of immolation {unknown}
 p - a scroll of enchant weapon {unknown}
 B - 2 scrolls of blinking
 N - 4 scrolls of remove curse
Potions
 d - a potion of brilliance {unknown}
 j - a potion of curing {unknown}
 l - a potion of might {unknown}
 r - a potion of mutation {!q}
 s - a potion of haste {unknown}
Comestibles
 t - a chunk of flesh
 z - 11 rations


   Skills:
 + Level 4.3 Fighting
 + Level 4.2 Long Blades
 + Level 4.3 Dodging
 + Level 4.1 Stealth
 + Level 1.7 Shields


You had 5 spell levels left.
You didn't know any spells.
Your spell library was empty.

Dungeon Overview and Level Annotations

Branches:
Dungeon (4/15)
 Temple: D:4-7

Altars:
Qazlal
The Shining One


Innate Abilities, Weirdness & Mutations

You cannot wear most types of armour.
You are very stealthy in the water. (Stealth+)
You are amphibious.
You can wear up to eight rings at the same time.
You can use your tentacles to constrict eight enemies at once.
Your skin changes colour to match your surroundings (Stealth+).
Your rubbery body absorbs attacks. (AC +1, EV +1)


Message History

The centaur is almost dead.
The orc wizard gestures at you while chanting.
The magic dart hits you.
* * * LOW HITPOINT WARNING * * *
The centaur hits you.
* * * LOW HITPOINT WARNING * * *
The orc hits you.
* * * LOW HITPOINT WARNING * * *
The orc wizard casts a spell.
The orc wizard blinks!
You take 10 damage, and have 9/64 hp.
You slash the centaur!
You kill the centaur!
Trog accepts your kill.
Your Stealth skill increases to level 4!
The orc closely misses you. The orc hits you with a +0 flail.
* * * LOW HITPOINT WARNING * * *
The orc wizard casts a spell at you. The magic dart hits you!
You die...

..#####.....##......#...#...##..
............................##..
......††..........(........>....
.......................<........
............####...o.....#......
..............#..........#......
..............#..........#......
..............#)(§...........##.
..............#@######.......#.†
.............o)o............#..
....................#.....##..
...................#......#.. ..
..................#....#.#..
.........................c#.
..## ...........[....####......
... ............##### ...... +#+
............ ......


You could see an orc wizard and 2 orcs.

Vanquished Creatures
  A centaur (D:4)
  A howler monkey (D:3)
  An orc priest (D:4)
  2 orc wizards (D:3)
  4 worker ants (D:4)
  An ooze (D:3)
  A dart slug (D:1)
  3 orcs
  8 bats
  2 giant cockroaches
  7 hobgoblins
  3 jackals (D:4)
  5 kobolds
  2 frilled lizards
  7 goblins
  6 rats
54 creatures vanquished.

Notes
Turn   | Place    | Note
-------+----------+-------------------------------------------
     0 | D:1      | Redear the Octopode Berserker began the quest for the Orb.
     0 | D:1      | Reached XP level 1. HP: 16/16 MP: 1/1
   101 | D:1      | Reached skill level 1 in Stealth
   136 | D:1      | Reached XP level 2. HP: 14/21 MP: 2/2
   614 | D:2      | Found a stormy altar of Qazlal.
   716 | D:2      | Reached ** piety under Trog
   716 | D:2      | Reached XP level 3. HP: 26/26 MP: 3/3
  1386 | D:3      | Reached skill level 2 in Stealth
  1386 | D:3      | Reached XP level 4. HP: 26/31 MP: 4/4
  1578 | D:3      | Found a glowing golden altar of the Shining One.
  1777 | D:3      | Reached skill level 3 in Stealth
  1777 | D:3      | Reached XP level 5. HP: 28/37 MP: 5/5
  2025 | D:4      | Reached skill level 4 in Fighting
  2025 | D:4      | Reached skill level 4 in Dodging
  2025 | D:4      | Reached skill level 1 in Shields
  2033 | D:4      | HP: 1/37 [worker ant (5)]
  2034 | D:4      | Reached skill level 4 in Long Blades
  2090 | D:4      | Reached XP level 6. HP: 38/43 MP: 6/6
  2119 | D:4      | Reached skill level 4 in Stealth
  2119 | D:4      | HP: 5/66 [orc/+0 flail (5)]
  2119 | D:4      | Killed from afar by an orc wizard

Levels and vault maps discovered:
D:1:      scummos_arrival_checkerplants, layout_basic
D:2:      layout_basic, grunt_qazlal_clouds
D:3:      wad_crossroads, layout_rooms, tso_metal_star
D:4:      layout_basic

Skill      XL: |  1  2  3  4  5  6 |
---------------+-------------------+-----
Stealth        | 1 2 3 4 |  4.1
Fighting       | 4 |  4.3
Dodging        | 4 |  4.3
Shields        | 1 |  1.7
Long Blades    | 4 |  4.2

Action                   |  1- 3 |  4- 6 || total
-------------------------+-------+-------++-------
Melee: Falchion          |    44 |    43 ||    87
       Constrict         |    19 |    11 ||    30
       Tentacles         |    13 |    19 ||    32
Invok: Berserk           |     1 |     1 ||     2
       Trog's Hand       |       |     5 ||     5
  Use: Scroll            |       |     4 ||     4
 Stab: Sleeping          |    11 |     5 ||    16
  Eat: Chunk             |       |     6 ||     6
Armor: Skin              |     5 |     4 ||     9
Dodge: Dodged            |    26 |    26 ||    52
       Rpst.: Falchion   |     9 |     7 ||    16

Table legend:
 A = Non-vault XP
 B = Vault XP
 C = Vault XP percentage of total XP
 D = Non-vault monster count
 E = Vault monster count
 F = Vault count percentage of total count
                 A         B        C        D         E       F
            +---------+---------+-------+---------+---------+-------
      Total |     444 |      67 |  13.1 |      50 |       4 |   7.4
            +---------+---------+-------+---------+---------+-------
        D:1 |      27 |       0 |   0.0 |      17 |       0 |   0.0
        D:2 |      21 |       0 |   0.0 |      13 |       0 |   0.0
        D:3 |     100 |      67 |  40.1 |      10 |       4 |  28.6
        D:4 |     296 |       0 |   0.0 |      10 |       0 |   0.0
            +---------+---------+-------+---------+---------+-------
